 Dungeon Crawl Stone Soup version 0.31-a0-700-gf13585253f (webtiles) character file.

Game seed: 4395003764892371747

4968 qw the Skirmisher (level 10, 0/64 HPs)
             Began as a Gargoyle Hunter on Sept 7, 2023.
             Was a Priest of Okawaru.
             Slain by an orc warrior
             ... wielding a +0 trident
              (8 damage)
             ... on level 7 of the Dungeon.
             The game lasted 00:03:22 (6284 turns).

qw the Skirmisher (Gargoyle Hunter)                 Turns: 6284, Time: 00:03:23

Health: 0/64       AC: 17    Str: 14    XL:     10   Next: 53%
Magic:  12/13      EV: 15    Int: 11    God:    Okawaru [***...]
Gold:   391        SH:  0    Dex: 17    Spells: 9/9 levels left

rFire   . . .        Y - +2 shortbow (freeze)
rCold   . . .        (shield currently unavailable)
rNeg    + . .        j - +0 ring mail
rPois   inf          g - +0 helmet
rElec   +            u - scarf {repulsion}
rCorr   .            (no gloves)
SInv    .            (no boots)
Will    +....        l - amulet of faith
Stlth   +++          f - +4 ring of slaying {mikee}
HPRegen 0.30/turn    d - ring of willpower
MPRegen 0.13/turn

%: repel missiles, faith
@: heroic
A: sickness immunity, AC +7, negative energy resistance 1, electricity
resistance, torment resistance 1, petrification resistance, iridescent scales 1,
sense surroundings 1
a: Renounce Religion, Heroism


You were on level 7 of the Dungeon.
You worshipped Okawaru.
Okawaru was most pleased with you.
You visited 2 branches of the dungeon, and saw 8 of its levels.

You collected 391 gold pieces.


Innate Abilities, Weirdness & Mutations

You are immune to sickness and miasma.
Your stone body is resilient. (AC +7)
You are immune to poison.
You resist negative energy. (rN+)
You are resistant to electric shocks. (rElec)
You are resistant to unholy torment.
You are immune to petrification.
You are partially covered in iridescent scales. (AC +2)
You passively map a small area around you.


   Skills:
 - Level 8.0(13.0) Fighting
 + Level 12.6(17.6) Ranged Weapons
 - Level 3.2(8.2) Armour
 - Level 3.1(8.1) Dodging
 - Level 1.1(6.1) Stealth
 - Level 4.1 Invocations


You had 9 spell levels left.
You didn't know any spells.
Your spell library was empty.

Inventory:

Hand Weapons
 Y - a +2 shortbow of freezing (weapon)
Armour
 g - a +0 helmet (worn)
 h - a +1 cloak
 j - a +0 ring mail (worn)
 u - a scarf of repulsion (worn)
Jewellery
 c - a ring of fire
 d - a ring of willpower (right hand)
 f - a +4 ring of slaying (left hand) {mikee}
 k - a ring of ice
 l - an amulet of faith (around neck)
 q - a ring of fire
Scrolls
 a - 2 scrolls of teleportation
 e - 4 scrolls of identify
Potions
 b - 5 potions of curing
 i - a potion of mutation
 m - a potion of resistance
 o - 2 potions of haste
 p - 3 potions of might
 r - 2 potions of magic

Dungeon Overview and Level Annotations

Branches:
Dungeon (7/15)             Temple (1/1) D:4

Altars:
Cheibriados
Dithmenos
Elyvilon
Fedhas
Hepliaklqana
Kikubaaqudgha
Nemelex Xobeh
Okawaru
Qazlal
Ru
Sif Muna
Trog
Xom
Zin
Lugonu

Annotations:
D:4 3 runed translucent doors, qw's ghost, amateur GrHu


Message History

You shoot an arrow. The arrow closely misses the ogre.
The orc warrior shoots an arrow.
The arrow barely misses you. The orc warrior barely misses you.
The gnoll misses you. The ogre closely misses you.
6280 |||
Found retreat position at 5,-4 (floor) with 0 blocking monsters and 2 monsters attacking at destination at distance 5 You shoot an arrow.
The arrow hits the ogre!
The arrow freezes the ogre.
The ogre is heavily wounded.
The orc wizard suddenly jeers.
The orc wizard hits you but does no damage.
6281 |||
Found retreat position at 5,-4 (floor) with 0 blocking monsters and 2 monsters attacking at destination at distance 5 You shoot an arrow.
The arrow closely misses the ogre.
The orc warrior barely misses you. The gnoll hits you but does no damage.
The ogre misses you.
The orc wizard hits you with a +0 dagger.
The ogre hits you with a +0 giant club!
6282 |||
Found retreat position at 5,-4 (floor) with 0 blocking monsters and 2 monsters attacking at destination at distance 5 You shoot an arrow.
The arrow hits the ogre!
The arrow freezes the ogre.
You kill the ogre!
Okawaru accepts your kill.
You hear a splash.
The orc warrior unwields a +0 orcbow.
The orc warrior wields a +0 trident.
The orc warrior hits you but does no damage.
The orc warrior misses you. The gnoll barely misses you.
The orc wizard casts a spell at you.
The magic dart hits you but does no damage.
6283 |||
Found retreat position at 5,-4 (floor) with 0 blocking monsters and 2 monsters attacking at destination at distance 5 You shoot an arrow.
The arrow hits the orc warrior!
The arrow freezes the orc warrior.
The orc warrior is moderately wounded.
The orc warrior closely misses you. x2; The ogre hits you but does no damage.
The gnoll hits you but does no damage.
6284 |||
Found retreat position at 5,-4 (floor) with 0 blocking monsters and 2 monsters attacking at destination at distance 5 You shoot an arrow.
The arrow hits the orc warrior.
The arrow freezes the orc warrior.
The orc warrior is heavily wounded.
The orc wizard hits you but does no damage.
The orc warrior hits you from afar with a +2 trident of flaming!
The orc warrior burns you.
The orc warrior hits you with a +0 trident!
You die...

~~~~~~~~~~~~~~~~~~~~~~~~~~~~~~~~~
####~~~~~~~~~~~~~~~~~~~~~~~~~~~~#
oo.#..........................%.#
...##############################
##'# , * # .?##|..#,,, ' ,# .#o#
, #######....##### , .#
......#....#.... , ,, .#
.......O)o...... * .#
,......)@o~...... , .# *
......#oo..#..., * , .#
########g###### .#
......'....'.... , .#.., ,
......#.[..#.... , ##'# .....
#.(..#, .. , #
...#############''''#############
...#..).........................#
####~~~~~~~~~~~~....~~~~~~~~~~~~#


You could see 2 orc warriors, an ogre, 2 orc wizards and a gnoll.

Vanquished Creatures
  Joseph (D:7)
  Jeremiah (D:7)
  A kobold demonologist (D:7)
  Grinder (D:5)
  A water moccasin (D:7)
  An ice beast (D:4)
  4 orc warriors
  A black bear (D:7)
  8 ogres
  A centaur (D:5)
  2 kobold brigands (D:7)
  2 bullfrogs (D:7)
  3 gnoll sergeants
  A scorpion (D:4)
  8 wights
  2 electric eels (D:6)
  10 howler monkeys
  2 jellies
  A gnoll bouda (D:7)
  2 orc priests (D:7)
  8 hounds
  A sleepcap (D:6)
  Jessica (D:2)
  Ijyb (D:5)
  4 iguanas
  7 orc wizards
  13 gnolls
  13 adders
  A shadow imp (D:6)
  4 white imps
  3 worms
  4 dart slugs
  25 orcs
  9 ball pythons
  5 bats
  7 endoplasms
  2 giant cockroaches
  4 goblins
  5 hobgoblins (D:2)
  4 jackals (D:5)
  3 kobolds
  4 quokkas
  3 frilled lizards
  7 rats
191 creatures vanquished.

Notes
Turn   | Place    | Note
-------+----------+-------------------------------------------
     0 | D:1      | qw the Gargoyle Hunter began the quest for the Orb.
     0 | D:1      | Reached XP level 1. HP: 12/12 MP: 1/1
     0 | D:1      | 0 ||| qw: Version: 0.3-a-76-g4403597
     0 | D:1      | 0 ||| qw: Game counter: 561
     0 | D:1      | 0 ||| qw: Melee chars always use a shield: true
     0 | D:1      | 0 ||| qw: God list: Okawaru
     0 | D:1      | 0 ||| qw: Allow faded altars: false
     0 | D:1      | 0 ||| qw: Do Orc after clearing Dungeon:15 true
     0 | D:1      | 0 ||| qw: Do second Lair branch before Depths: true
     0 | D:1      | 0 ||| qw: Lair rune preference: random
     0 | D:1      | 0 ||| qw: Goals: Normal
     0 | D:1      | 0 ||| PLANNING D:1-11
    74 | D:1      | Reached XP level 2. HP: 17/17 MP: 2/2
   175 | D:1      | Reached XP level 3. HP: 21/21 MP: 3/3
   200 | D:1      | Reached skill level 5 in Ranged Weapons
   443 | D:1      | 443 ||| UPGRADING to +0 helmet.
   448 | D:1      | 448 ||| UPGRADING to +4 ring of slaying {mikee}.
   449 | D:1      | 449 ||| DROPPING ring of magical power.
   450 | D:1      | 450 ||| READING 2 scrolls labelled EFOASCH OLACKUM.
   454 | D:1      | 454 ||| READING 2 scrolls labelled ZENOLU KOALUUN.
   455 | D:1      | 455 ||| DROPPING scroll of butterflies.
   467 | D:2      | 467 ||| STAIRDANCE
   565 | D:2      | Reached skill level 3 in Fighting
   568 | D:2      | Reached XP level 4. HP: 28/28 MP: 4/4
   942 | D:2      | Noticed Jessica
   945 | D:2      | Killed Jessica
   946 | D:2      | Reached XP level 5. HP: 32/32 MP: 5/5
  1519 | D:2      | 1519 ||| UPGRADING to +0 ring mail.
  1529 | D:2      | 1529 ||| DROPPING +0 leather armour.
  1530 | D:2      | 1530 ||| UPGRADING to amulet of faith.
  1535 | D:2      | 1535 ||| READING scroll labelled APUERE KONLAT.
  1536 | D:2      | 1536 ||| READING scroll labelled PUCKAKH CAGUERPH.
  1537 | D:2      | 1537 ||| READING scroll labelled RUBBOGA QONATTA.
  1538 | D:2      | 1538 ||| DRINKING 2 black potions.
  1539 | D:2      | 1539 ||| READING 3 scrolls of identify.
  1539 | D:2      | 1539 ||| IDENTIFYING bubbling purple potion
  1540 | D:2      | 1540 ||| READING 2 scrolls of identify.
  1540 | D:2      | 1540 ||| IDENTIFYING white potion
  1541 | D:2      | 1541 ||| DROPPING potion of brilliance.
  1795 | D:3      | Found a stormy altar of Qazlal.
  1828 | D:3      | Found the +7 Throatcutter {drain, coup de grace}
  1840 | D:3      | Reached skill level 1 in Armour
  1954 | D:3      | Reached skill level 6 in Ranged Weapons
  2107 | D:3      | 2107 ||| UPGRADING to +1 cloak.
  2112 | D:3      | 2112 ||| UPGRADING to ring of willpower.
  2113 | D:3      | 2113 ||| READING 2 scrolls labelled MYFYMI ALIMYRGH.
  2114 | D:3      | 2114 ||| READING scroll labelled WEILIU JOOWELUA.
  2115 | D:3      | 2115 ||| READING scroll labelled REJEOW MUMOGH.
  2116 | D:3      | 2116 ||| DRINKING 2 fizzy amethyst potions.
  2117 | D:3      | 2117 ||| READING 3 scrolls of identify.
  2117 | D:3      | 2117 ||| IDENTIFYING bubbling black potion
  2118 | D:3      | 2118 ||| DROPPING scroll of noise.
  2164 | D:4      | Noticed an orc warrior
  2172 | D:4      | Killed an orc warrior
  2173 | D:4      | Reached XP level 6. HP: 39/39 MP: 6/6
  2173 | D:4      | Found a bloodstained altar of Trog.
  2184 | D:4      | Found a shimmering blue altar of Sif Muna.
  2296 | D:4      | Found a runed translucent gate.
  2296 | D:4      | Found a runed translucent gate.
  2299 | D:4      | Found a runed translucent gate.
  2300 | D:4      | Noticed qw's ghost (amateur GrHu)
  2328 | D:4      | Found a white marble altar of Elyvilon.
  2354 | D:4      | Noticed an ice beast
  2364 | D:4      | Killed an ice beast
  2365 | D:4      | Reached skill level 7 in Ranged Weapons
  2514 | D:4      | Found a staircase to the Ecumenical Temple.
  2515 | D:4      | 2515 ||| PLANNING TEMPLE
  2515 | D:4      | 2515 ||| READING scroll labelled QOGEVECH VEIVE.
  2520 | Temple   | Entered the Ecumenical Temple
  2521 | Temple   | 2521 ||| PLANNING OKAWARU WORSHIP
  2534 | Temple   | Became a worshipper of Warmaster Okawaru
  2535 | Temple   | 2535 ||| PLANNING D:1-11
  2581 | D:4      | Reached XP level 7. HP: 44/44 MP: 7/7
  2733 | D:4      | 2733 ||| DRINKING 2 lumpy green potions.
  2733 | D:4      | Gained mutation: You passively map a small area around you.
                  | [potion of mutation]
  2733 | D:4      | Gained mutation: You are partially covered in iridescent
                  | scales. (AC +2) [potion of mutation]
  2750 | D:5      | Entered Level 5 of the Dungeon
  2813 | D:5      | Noticed Ijyb
  2814 | D:5      | Paralysed by Ijyb for 3 turns
  2821 | D:5      | Killed Ijyb
  2821 | D:5      | Reached * piety under Okawaru
  2860 | D:5      | Noticed Grinder
  2861 | D:5      | 2861 ||| INVOKING Heroism.
  2885 | D:5      | Killed Grinder
  2886 | D:5      | Reached skill level 8 in Ranged Weapons
  2886 | D:5      | Reached XP level 8. HP: 47/48 MP: 8/8
  2909 | D:5      | Reached skill level 1 in Invocations
  3158 | D:5      | Reached ** piety under Okawaru
  3216 | D:5      | 3216 ||| INVOKING Heroism.
  3377 | D:5      | Reached skill level 3 in Invocations
  3449 | D:5      | Reached skill level 9 in Ranged Weapons
  3594 | D:5      | 3594 ||| INVOKING Heroism.
  3693 | D:5      | 3693 ||| READING 4 scrolls of identify.
  3693 | D:5      | 3693 ||| IDENTIFYING glowing dark potion
  3694 | D:5      | 3694 ||| READING 3 scrolls of identify.
  3694 | D:5      | 3694 ||| IDENTIFYING bubbling cyan potion
  3736 | D:6      | 3736 ||| STAIRDANCE
  3740 | D:6      | 3740 ||| STAIRDANCE
  3757 | D:6      | 3757 ||| FLEEEEING.
  3758 | D:6      | 3758 ||| FLEEEEING.
  3760 | D:6      | 3760 ||| STAIRDANCE
  3866 | D:6      | 3866 ||| STAIRDANCE
  3895 | D:6      | 3895 ||| STAIRDANCE
  3907 | D:6      | 3907 ||| STAIRDANCE
  3923 | D:6      | 3923 ||| STAIRDANCE
  3942 | D:6      | 3942 ||| STAIRDANCE
  3971 | D:6      | 3971 ||| STAIRDANCE
  3973 | D:5      | 3973 ||| INVOKING Heroism.
  3982 | D:5      | Reached skill level 6 in Fighting
  4041 | D:6      | Reached XP level 9. HP: 56/56 MP: 12/12
  4087 | D:6      | 4087 ||| INVOKING Heroism.
  4249 | D:6      | Found a glowing silver altar of Zin.
  4331 | D:6      | 4331 ||| INVOKING Heroism.
  4721 | D:6      | 4721 ||| UPGRADING to scarf of repulsion.
  4731 | D:6      | 4731 ||| DROPPING amulet of magic regeneration.
  4732 | D:6      | 4732 ||| READING scroll labelled ROICY GOEF.
  4733 | D:6      | 4733 ||| READING scroll labelled PYGGEBLOENN.
  4747 | D:7      | 4747 ||| INVOKING Heroism.
  4777 | D:7      | Reached skill level 10 in Ranged Weapons
  4792 | D:7      | Noticed Jeremiah
  4807 | D:7      | 4807 ||| INVOKING Heroism.
  4817 | D:7      | Killed Jeremiah
  4846 | D:7      | 4846 ||| FLEEEEING.
  4847 | D:7      | 4847 ||| FLEEEEING.
  4848 | D:7      | 4848 ||| FLEEEEING.
  4849 | D:7      | 4849 ||| FLEEEEING.
  4850 | D:7      | 4850 ||| FLEEEEING.
  4851 | D:7      | 4851 ||| INVOKING Heroism.
  4965 | D:7      | Noticed Joseph
  4968 | D:7      | 4968 ||| RETREATING.
  4969 | D:7      | 4969 ||| FLEEEEING.
  4975 | D:7      | 4975 ||| Stepping ~*~*~tactically~*~*~ (retreating).
  4976 | D:7      | 4976 ||| Stepping ~*~*~tactically~*~*~ (retreating).
  4977 | D:7      | 4977 ||| Stepping ~*~*~tactically~*~*~ (retreating).
  4978 | D:7      | 4978 ||| Stepping ~*~*~tactically~*~*~ (retreating).
  4979 | D:7      | 4979 ||| Stepping ~*~*~tactically~*~*~ (retreating).
  4980 | D:7      | 4980 ||| Stepping ~*~*~tactically~*~*~ (retreating).
  4996 | D:7      | 4996 ||| INVOKING Heroism.
  4998 | D:7      | Killed Joseph
  5197 | D:7      | 5197 ||| RETREATING.
  5198 | D:7      | 5198 ||| INVOKING Heroism.
  5206 | D:7      | Reached skill level 11 in Ranged Weapons
  5228 | D:7      | Reached *** piety under Okawaru
  5367 | D:7      | 5367 ||| Stepping ~*~*~tactically~*~*~ (retreating).
  5369 | D:7      | Reached skill level 3 in Dodging
  5373 | D:7      | Reached skill level 3 in Armour
  5373 | D:7      | Reached XP level 10. HP: 63/63 MP: 13/13
  5653 | D:7      | 5653 ||| RETREATING.
  5866 | D:7      | 5866 ||| INVOKING Heroism.
  5889 | D:7      | Noticed a kobold demonologist
  5890 | D:7      | 5890 ||| RETREATING.
  5894 | D:7      | 5894 ||| Stepping ~*~*~tactically~*~*~ (retreating).
  5898 | D:7      | 5898 ||| INVOKING Heroism.
  5909 | D:7      | 5909 ||| Stepping ~*~*~tactically~*~*~ (retreating).
  5910 | D:7      | Noticed a sixfirhy
  5910 | D:7      | 5910 ||| Stepping ~*~*~tactically~*~*~ (retreating).
  5911 | D:7      | 5911 ||| Stepping ~*~*~tactically~*~*~ (retreating).
  5912 | D:7      | 5912 ||| Stepping ~*~*~tactically~*~*~ (retreating).
  5915 | D:7      | Noticed a sixfirhy
  5922 | D:7      | 5922 ||| INVOKING Heroism.
  5922 | D:7      | HP: 14/64 [sixfirhy[a kobold demonologist] (4)]
  5923 | D:7      | 5923 ||| READING 3 scrolls of teleportation.
  5924 | D:7      | 5924 ||| DRINKING potion of heal wounds.
  5927 | D:7      | 5927 ||| FLEEEEING.
  5928 | D:7      | 5928 ||| FLEEEEING.
  5929 | D:7      | 5929 ||| FLEEEEING.
  5930 | D:7      | 5930 ||| FLEEEEING.
  5931 | D:7      | 5931 ||| FLEEEEING.
  5932 | D:7      | 5932 ||| FLEEEEING.
  5933 | D:7      | 5933 ||| FLEEEEING.
  5934 | D:7      | 5934 ||| FLEEEEING.
  5935 | D:7      | 5935 ||| FLEEEEING.
  5936 | D:7      | 5936 ||| FLEEEEING.
  5937 | D:7      | 5937 ||| FLEEEEING.
  5938 | D:7      | 5938 ||| FLEEEEING.
  5941 | D:7      | 5941 ||| FLEEEEING.
  5942 | D:7      | 5942 ||| FLEEEEING.
  5943 | D:7      | 5943 ||| FLEEEEING.
  5944 | D:7      | 5944 ||| FLEEEEING.
  5945 | D:7      | 5945 ||| FLEEEEING.
  5946 | D:7      | 5946 ||| FLEEEEING.
  5947 | D:7      | 5947 ||| FLEEEEING.
  5948 | D:7      | 5948 ||| STAIRDANCE
  6058 | D:6      | 6058 ||| READING 2 scrolls labelled KIUNOX QUFUF.
  6059 | D:6      | 6059 ||| READING scroll of enchant weapon.
  6059 | D:6      | 6059 ||| ENCHANTING +1 shortbow of freezing.
  6157 | D:7      | 6157 ||| INVOKING Heroism.
  6164 | D:7      | Reached skill level 12 in Ranged Weapons
  6172 | D:7      | 6172 ||| RETREATING.
  6179 | D:7      | 6179 ||| Stepping ~*~*~tactically~*~*~ (outnumbered).
  6180 | D:7      | 6180 ||| Stepping ~*~*~tactically~*~*~ (outnumbered).
  6181 | D:7      | 6181 ||| Stepping ~*~*~tactically~*~*~ (outnumbered).
  6182 | D:7      | Killed a kobold demonologist
  6202 | D:7      | 6202 ||| INVOKING Heroism.
  6266 | D:7      | 6266 ||| RETREATING.
  6267 | D:7      | 6267 ||| Stepping ~*~*~tactically~*~*~ (retreating).
  6268 | D:7      | 6268 ||| Stepping ~*~*~tactically~*~*~ (retreating).
  6269 | D:7      | 6269 ||| INVOKING Heroism.
  6284 | D:7      | HP: 11/64 [orc warrior/+2 trident of flaming (8)]
  6284 | D:7      | Slain by an orc warrior

Levels and vault maps discovered:
D:1:      wander_arrival_chamber, layout_rooms
D:2:      layout_loops_corners, chequers_big_river, kennysheep_generic_room_5,
          uniq_jessica
D:3:      layout_loops_ring, mainiacjoe_overflow_brackets
D:4:      layout_basic, nzn_overflow_gifts_of_might_and_magic, elyvilon_altar_5,
          temple_doors_e, gammafunk_ghost_split
D:5:      layout_loops_ring, kennysheep_nondescript, uniq_grinder, uniq_ijyb
D:6:      cheibrodos_helix_gallery, layout_basic, overflow_temple_1_default,
          st_stairs_6
D:7:      lemuel_castle_with_subvaults [lemuel_castle_interior_carwin_3],
          layout_basic, uniq_joseph, uniq_jeremiah
Temple:   corrupted_temple

Skill      XL: |  1  2  3  4  5  6  7  8  9 10 |
---------------+-------------------------------+-----
Ranged Weapons | 5 6 7 8 9 11 12 | 12.6
Fighting       | 3 4 6 7 8 |  8.0
Armour         | 1 2 3 |  3.2
Invocations    | 4 |  4.1
Dodging        | 2 3 |  3.1
Stealth        | |  1.1

Action                     |  1- 3 |  4- 6 |  7- 9 | 10-12 || total
---------------------------+-------+-------+-------+-------++-------
   Fire: Shortbow          |    70 |   127 |   315 |   172 ||   684
 Invoke: Heroism           |       |       |    11 |     6 ||    17
    Use: Scroll            |     2 |    10 |     4 |     3 ||    19
         Potion            |       |     2 |     1 |     1 ||     4
 Armour: Leather armour    |    14 |     6 |       |       ||    20
         Ring mail         |       |    17 |    95 |    64 ||   176
  Dodge: Dodged            |     7 |    14 |    80 |    74 ||   175

Table legend:
 A = Non-vault XP
 B = Vault XP
 C = Vault XP percentage of total XP
 D = Non-vault monster count
 E = Vault monster count
 F = Vault count percentage of total count
                 A         B        C        D         E       F
            +---------+---------+-------+---------+---------+-------
      Total |    2840 |    4258 |  60.0 |     139 |      52 |  27.2
            +---------+---------+-------+---------+---------+-------
        D:1 |      47 |       0 |   0.0 |      20 |       0 |   0.0
        D:2 |      92 |      41 |  30.8 |      22 |       3 |  12.0
        D:3 |      39 |       0 |   0.0 |       9 |       0 |   0.0
        D:4 |     439 |     165 |  27.3 |      20 |       2 |   9.1
        D:5 |     997 |     440 |  30.6 |      33 |       4 |  10.8
        D:6 |     414 |      13 |   3.0 |      18 |       1 |   5.3
        D:7 |     812 |    3599 |  81.6 |      17 |      42 |  71.2
            +---------+---------+-------+---------+---------+-------
